 Dungeon Crawl Stone Soup version 0.29.0-7-g18a832c13a (webtiles) character file.

Game seed: 9991059192352901061

780 Sabo the Gusty (level 7, -4/40 HPs)
             Began as a Gargoyle Air Elementalist on Aug 31, 2022.
             Was a Follower of Ru.
             Slain by Flarelocke's ghost (11 damage)
             ... on level 4 of the Dungeon.
             The game lasted 00:31:26 (4667 turns).

Sabo the Gusty (Gargoyle Air Elementalist)          Turns: 4667, Time: 00:31:27

Health: -4/40      AC:  9    Str: 11    XL:     7   Next: 85%
Magic:  12/12      EV: 11    Int: 18    God:    Ru [*.....]
Gold:   105        SH:  0    Dex: 10    Spells: 12/13 levels left

rFire   . . .      SeeInvis .   p - +5 war axe
rCold   . . .      Faith    .   (no shield)
rNeg    + . .      Spirit   .   a - +0 robe
rPois   ∞          Reflect  .   j - +0 helmet
rElec   +          Harm     .   (no cloak)
rCorr   .          Rampage  .   k - +1 pair of gloves
Will    .....                   (no boots)
Stlth   ++........              d - amulet of regeneration
HPRegen 0.93/turn               (no ring)
MPRegen 0.13/turn               (no ring)

@: no status effects
A: sickness immunity, AC +4, negative energy resistance 1, electricity
resistance, torment resistance 1, petrification resistance, inability to train
dodging
a: Renounce Religion


You were on level 4 of the Dungeon.
You worshipped Ru.
Ru was aware of your devotion.
You visited 1 branch of the dungeon, and saw 4 of its levels.
You also visited: Sewer.

You collected 105 gold pieces.

Inventory:

Hand Weapons
 p - a +5 war axe (weapon)
 q - a +2 scythe of distortion
 w - a +0 sling
Missiles
 f - 2 curare-tipped darts
 g - 18 poisoned darts
Armour
 a - a +0 robe (worn)
 j - a +0 helmet (worn)
 k - a +1 pair of gloves (worn)
 t - a +2 ring mail of fire resistance
Jewellery
 d - an amulet of regeneration (around neck)
Scrolls
 h - a scroll of butterflies {unknown}
 i - a scroll of silence {unknown}
 l - a scroll of identify {unknown}
 m - a scroll of noise {unknown}
 n - a scroll of blinking
 u - 2 scrolls of teleportation {unknown}
 v - a scroll of fear {unknown}
Potions
 b - a potion of magic
 c - 2 potions of attraction {unknown}
 e - a potion of invisibility {unknown}
 o - a potion of heal wounds {unknown}
 r - a potion of curing {unknown}
 s - a potion of mutation {unknown}


   Skills:
 + Level 2.0 Fighting
 + Level 3.6(3.7) Axes
 + Level 1.4(2.9) Maces & Flails
 + Level 3.1 Stealth
 + Level 3.9 Spellcasting
 + Level 3.5 Conjurations
 + Level 4.1 Air Magic


You had 12 spell levels left.
You knew the following spells:

 Your Spells              Type           Power      Damage    Failure   Level
a - Shock                 Conj/Air       68%        1d7       3%          1

Your spell library contained the following spells:

 Spells                   Type           Power      Damage    Failure   Level
 Static Discharge         Conj/Air       17%        3-6/arc   4%          2
 Swiftness                Air            18%        N/A       9%          3
 Airstrike                Air            9%         2d(2-18)  26%         4
 Confusing Touch          Hex            3%         N/A       41%         3
 Yara's Violent Unravell  Hex/Tmut       1%         3d3       99%         5
 Enfeeble                 Hex            1%         N/A       100%        7


Dungeon Overview and Level Annotations

Branches:
Dungeon (4/15)              Sewer (visited)
 Temple: D:4-7

Altars:
Elyvilon
Ru

Annotations:
D:4 Flarelocke's ghost, amateur MiFi


Innate Abilities, Weirdness & Mutations

You are immune to sickness and miasma.
Your stone body is resilient. (AC +4)
You are immune to poison.
You resist negative energy. (rN+)
You are resistant to electric shocks. (rElec)
You are resistant to unholy torment.
You are immune to petrification.
You cannot train Dodging skill.


Message History

Found 34 gold pieces.
You open the gate.
Flarelocke's ghost attacks as you move away!
Flarelocke's ghost closely misses you.
The kobold hits you with a +1 dagger of protection.
You hit Flarelocke's ghost.
Flarelocke's ghost is lightly damaged.
Flarelocke's ghost hits you but does no damage.
You hit Flarelocke's ghost.
Flarelocke's ghost is lightly damaged.
Flarelocke's ghost closely misses you. Flarelocke's ghost hits you.
You hit Flarelocke's ghost.
Flarelocke's ghost is lightly damaged.
Flarelocke's ghost hits you!
You barely miss Flarelocke's ghost.
Flarelocke's ghost is lightly damaged.
Flarelocke's ghost hits you!
* * * LOW HITPOINT WARNING * * *
You hit Flarelocke's ghost but do no damage.
Flarelocke's ghost is lightly damaged.
Flarelocke's ghost completely misses you.
Flarelocke's ghost hits you.
* * * LOW HITPOINT WARNING * * *
You closely miss Flarelocke's ghost.
Flarelocke's ghost is lightly damaged.
Flarelocke's ghost hits you!
* * * LOW HITPOINT WARNING * * *
You hit Flarelocke's ghost but do no damage.
Flarelocke's ghost is lightly damaged.
Flarelocke's ghost barely misses you.
You hit Flarelocke's ghost but do no damage.
Flarelocke's ghost is lightly damaged.
Flarelocke's ghost closely misses you. x2
You closely miss Flarelocke's ghost.
Flarelocke's ghost is lightly damaged.
Flarelocke's ghost barely misses you.
You hit Flarelocke's ghost.
Flarelocke's ghost is moderately damaged.
Flarelocke's ghost hits you!
You die...

#.# #.... ..# #.>..
### #... #.. #.#
###<# # #...#######
.## ####K........#
#.# #.@WKK....##.#
..# #.##KK'##.##.#
### #.# #######
###KK...####.####..
#.# #.....#
#P.#.#..# #.......
#.#####.....#
#♣.#.#.♣# #..###.#
..†.....<...#
P.#.#.K #..# #.#
.....##.....#
##.....## #..# #.#
#.##.##.....# ##.$$
#..# #.#
#.#...###?### #...
#..


You could see a kobold brigand, Flarelocke's ghost and 6 kobolds.

Vanquished Creatures
  Sigmund (D:3)
  A black bear (D:4)
  5 kobold brigands (Sewer)
  A river rat (Sewer)
  9 adders
  2 worms (Sewer)
  An orc (D:3)
  16 ball pythons
  7 endoplasms
  8 giant cockroaches
  6 goblins
  4 hobgoblins
  8 jackals
  3 quokkas
  4 bats (D:1)
  4 frilled lizards
  9 kobolds
  10 rats
99 creatures vanquished.

Vanquished Creatures (others)
  A fungus (D:4)
  A plant (D:3)
2 creatures vanquished.

Grand Total: 101 creatures vanquished

Notes
Turn   | Place    | Note
-------+----------+-------------------------------------------
     0 | D:1      | Sabo the Gargoyle Air Elementalist began the quest for the
                  | Orb.
     0 | D:1      | Reached XP level 1. HP: 10/10 MP: 3/3
   428 | D:1      | Reached XP level 2. HP: 15/15 MP: 1/5
   921 | D:1      | Reached skill level 3 in Air Magic
   928 | D:1      | Reached XP level 3. HP: 19/19 MP: 2/6
  1665 | D:2      | Found a faded altar of an unknown god.
  1755 | D:2      | Prayed at the altar of an unknown god.
  1755 | D:2      | Became a worshipper of Ru the Awakened
  1775 | D:2      | Gained mutation: You cannot train Dodging skill. [Ru
                  | sacrifice]
  1775 | D:2      | Reached * piety under Ru
  2183 | D:2      | Reached XP level 4. HP: 24/24 MP: 7/7
  2341 | D:3      | Noticed Sigmund
  2350 | D:3      | Killed Sigmund
  2351 | D:3      | Reached skill level 1 in Fighting
  2351 | D:3      | Reached skill level 1 in Axes
  2351 | D:3      | Reached skill level 1 in Maces & Flails
  2351 | D:3      | Reached XP level 5. HP: 29/29 MP: 2/9
  2519 | D:3      | Reached XP level 6. HP: 34/34 MP: 8/10
  2583 | D:3      | Found a white marble altar of Elyvilon.
  3294 | D:4      | Noticed a black bear
  3306 | D:4      | Killed a black bear
  3415 | D:4      | Found a glowing drain.
  3439 | Sewer    | Entered a sewer
  3615 | Sewer    | Reached XP level 7. HP: 38/38 MP: 12/12
  3980 | Sewer    | Reached skill level 4 in Air Magic
  4645 | D:4      | Found a runed translucent gate.
  4645 | D:4      | Found a runed translucent gate.
  4646 | D:4      | Found a runed translucent gate.
  4646 | D:4      | Noticed Flarelocke's ghost (amateur MiFi)
  4663 | D:4      | HP: 2/40 [Flarelocke's ghost (7)]
  4667 | D:4      | Slain by Flarelocke's ghost

Illustrated notes

Levels and vault maps discovered:
D:1:      dreamdust_arrival_sigmund_warning, layout_rooms, nrook_campfire,
          roderic_roman_lattice, fountainhead
D:2:      layout_basic, hellmonk_ecumenical_altar_arch_garden,
          grunt_ministairs_13
D:3:      layout_loops_ring, overflow_temple_1_default, serial_bayou_ford_a,
          uniq_sigmund
D:4:      layout_loops_ring, gammafunk_ghost_nasty_kobolds, portal_sewer_entry_c

Skill      XL: |  1  2  3  4  5  6  7 |
---------------+----------------------+-----
Air Magic      | 3 4 |  4.1
Dodging        | 0 |  0.0
Fighting       | 1 2 |  2.0
Axes           | 1 2 3 |  3.6
Maces & Flails | 1 |  1.4
Spellcasting   | 3 |  3.9
Conjurations   | 2 3 |  3.5
Stealth        | 3 |  3.1

Action                   |  1- 3 |  4- 6 |  7- 9 || total
-------------------------+-------+-------+-------++-------
Melee: Mace              |    34 |       |       ||    34
       War axe           |    14 |    76 |    95 ||   185
 Cast: Shock             |    58 |    35 |    41 ||   134
Invok: Sacrifice Nimblen |     1 |       |       ||     1
  Use: Scroll            |       |     4 |     1 ||     5
 Stab: Sleeping          |     2 |     1 |       ||     3
Armor: Robe              |    25 |    46 |    34 ||   105
Dodge: Dodged            |    46 |    65 |    50 ||   161
